AoeStats
← _IMPERUS

Black Forest

510206485Analyzed
2v2 RM · 2d ago on Sep 29, 2026· 53m 34s· 4 players
Game mode
Random Map
Map size
Medium (4 player)
Population
200
Speed
Normal
Resources
Standard
Victory
Conquest
Starting age
Dark Age
Ending age
Imperial Age
RankedLock teamsTeams togetherTeam positionsShared explorationLock speedFull tech treeHidden civsTurbo modeCheats
Victory
Defeat
🇹🇷 Persians · Türkiye
777
+9
🇹🇷 Mongols · Türkiye
533
+19
🇧🇷 Portuguese · Brazil
606
-14
🇧🇷 Britons · Brazil
602
-14
Jotape
0:38 Loom
14:10 Feudal Age
15:25 Double-Bit Axe
16:30 Horse Collar
17:46 Wheelbarrow
21:50 Gold Mining
21:52 Stone Mining
22:11 Fletching
22:04 Fishing Lines
25:18 Castle Age
26:21 Bow Saw
26:12 Heavy Plow
29:53 Hand Cart
30:27 Bodkin Arrow
30:35 Gillnets
30:51 Town Watch
32:52 Fortified Wall
34:22 Crossbowman
35:18 Town Patrol
38:28 Imperial Age
37:39 Padded Archer Armor
37:22 Treadmill Crane
39:20 Bracer
40:23 Chemistry
39:47 Conscription
39:26 Arbalester
41:28 Leather Archer Armor
42:05 Yeomen
42:36 Gold Shaft Mining
43:23 Two-Man Saw
42:54 Ring Archer Armor
42:49 Pikeman
43:33 Squires
43:50 Halberdier
_IMPERUS
0:29 Loom
14:18 Feudal Age
17:25 Fishing Lines
18:24 Double-Bit Axe
20:11 Fletching
21:10 Scale Mail Armor
25:34 Castle Age
24:18 Padded Archer Armor
25:39 Forging
26:25 Stone Mining
26:04 Crossbowman
27:57 Caravan
30:29 Wheelbarrow
29:44 Town Watch
32:06 Scale Barding Armor
35:07 Gold Mining
35:14 Bodkin Arrow
36:20 Gillnets
36:27 Horse Collar
37:07 Hand Cart
40:26 Imperial Age
38:35 Man-at-Arms
39:02 Gambesons
40:07 Chain Mail Armor
41:30 Leather Archer Armor
41:19 Circumnavigation
42:54 Heavy Plow
44:01 Chemistry
43:26 Thumb Ring
43:28 Sappers
43:29 Elite Skirmisher
44:29 Masonry
45:15 Conscription
45:39 Bracer
46:36 Bow Saw
46:34 Arquebus
46:51 Pikeman
48:03 Husbandry
49:16 Town Patrol
49:30 Long Swordsman
efrzm.29
12:49 Feudal Age
11:52 Loom
13:31 Double-Bit Axe
13:29 Horse Collar
14:41 Wheelbarrow
21:04 Gold Mining
23:56 Castle Age
23:08 Stone Mining
25:23 Crossbowman
26:08 Thumb Ring
28:27 Heavy Plow
30:33 Bow Saw
31:19 Caravan
33:08 Hand Cart
33:45 Gold Shaft Mining
33:45 Stone Shaft Mining
35:10 Stone Shaft Mining
35:40 Nomads
40:30 Imperial Age
40:44 Imperial Age
39:42 Padded Archer Armor
39:32 Fletching
39:43 Scale Mail Armor
39:49 Scale Barding Armor
39:55 Forging
40:48 Leather Archer Armor
41:08 Heavy Scorpion
41:18 Arbalester
42:45 Hoardings
43:49 Pikeman
44:29 Squires
44:16 Arson
48:18 Town Watch
49:13 Iron Casting
49:00 Chain Barding Armor
48:55 Chain Mail Armor
48:36 Bodkin Arrow
48:04 Elite Mangudai
50:05 Town Patrol
STCLP
0:29 Loom
11:43 Feudal Age
12:55 Wheelbarrow
12:08 Double-Bit Axe
12:07 Horse Collar
14:11 Gold Mining
22:37 Castle Age
20:33 Stone Mining
24:03 Hand Cart
24:07 Bow Saw
23:52 Town Watch
26:19 Heavy Plow
29:30 Stone Shaft Mining
29:31 Gold Shaft Mining
28:29 Crossbowman
29:42 Fletching
29:54 Padded Archer Armor
30:55 Bodkin Arrow
32:29 Leather Archer Armor
32:37 Forging
32:33 Scale Barding Armor
34:14 Thumb Ring
36:47 Imperial Age
34:43 Kamandaran
35:06 Thumb Ring
34:23 Elite Skirmisher
35:16 Caravan
36:26 Iron Casting
36:12 Chain Barding Armor
38:21 Two-Man Saw
37:56 Crop Rotation
37:56 Conscription
39:34 Plate Barding Armor
40:00 Blast Furnace
39:31 Ring Archer Armor
41:14 Husbandry
41:25 Bloodlines
40:37 Light Cavalry
42:00 Scale Mail Armor
41:24 Cavalier
42:10 Elite War Elephant
43:02 Citadels
44:15 Chemistry
43:36 Ballistics
43:09 Heated Shot
49:00 Hoardings
47:56 Sappers
50:39 Savar
Connection lost

Rejoining the realm…

Still unreachable

The connection could not be restored.

Session expired

The server has moved on; the page needs a fresh start.